 Dungeon Crawl Stone Soup version 0.18-a0-19-g8b99b3a (webtiles) character file.

51 4thArraOfDagon the Sneak (level 3, 0/18 HPs)
             Began as a Vine Stalker Assassin on Nov 1, 2015.
             Succumbed to an adder's poison
             ... on level 4 of the Dungeon.
             The game lasted 00:01:36 (268 turns).

4thArraOfDagon the Sneak (Vine Stalker Assassin)     Turns: 268, Time: 00:01:37

Health: 0/18       AC:  3    Str: 13    XL:     3   Next: 83%
Magic:  1/4        EV: 11    Int: 12    God:
Gold:   46         SH:  0    Dex: 15    Spells: 0 memorised, 2 levels left

rFire  . . .     SeeInvis .     a - +2 dagger
rCold  . . .     Clarity  .     c - +0 robe
rNeg   . . .     SustAt   .     (no shield)
rPois  .         Gourm    .     (no helmet)
rElec  .         Spirit   +     k - +0 cloak
rCorr  .         Warding  .     (no gloves)
rMut   .         Stasis   .     (no boots)
MR     .....                    (no amulet)
Stlth  +++.......               (no ring)
                                (no ring)

@: lethally poisoned (0 -> -2), not resistant to hostile enchantments, fairly
stealthy
A: fangs 2, regeneration 1, magic shield, antimagic bite, no device heal 3, rot
immunity
a: no special abilities


You were on level 4 of the Dungeon.
You were not hungry.

You visited 1 branch of the dungeon, and saw 4 of its levels.

You collected 46 gold pieces.

Inventory:

Hand Weapons
 a - a +2 dagger (weapon)
 b - a +0 blowgun
Missiles
 e - a poisoned needle
 f - 2 curare-tipped needles
Armour
 c - a +0 robe (worn)
 d - a +0 chain mail
 k - a +0 cloak (worn)
Scrolls
 h - 2 scrolls of remove curse {unknown}
 j - 2 scrolls of identify {unknown}
Potions
 i - a potion of magic {unknown}
 m - a potion of heal wounds {unknown}
 n - a potion of curing {unknown}
Comestibles
 g - a bread ration
 l - a beef jerky


   Skills:
 - Level 1.7 Fighting
 - Level 1.7 Short Blades
 - Level 1.7 Throwing
 - Level 0.7 Dodging
 - Level 4.8 Stealth
 * Level 3.3 Unarmed Combat


You had 2 spell levels left.
You didn't know any spells.

Dungeon Overview and Level Annotations

Branches:
Dungeon (4/15)
 Temple: D:4-7

Altars:


Innate Abilities, Weirdness & Mutations

You have extremely sharp teeth.
Your natural rate of healing is unusually fast.
When hurt, damage is shared between your health and your magic reserves.
Your bite disrupts and absorbs the magic of your enemies.
Potions and wands cannot restore your health.
You are immune to rotting.


Message History

The adder is poisoned.
The adder bites you.
Wield which item (- for none, * to show all)? (? for menu, Esc to quit)
a - a +2 dagger (weapon)
The adder bites you.
You are more poisoned.
The adder poisons you!
You closely miss the adder. Your bite misses the adder.
The adder is lightly wounded.
You feel sick. The adder misses you.
You hit the adder. Your punch misses the adder.
The adder is heavily wounded.
The adder misses you.
You miss the adder.
The adder is heavily wounded.
You feel sick. The adder bites you.
* * * LOW HITPOINT WARNING * * *
The adder closely misses you.
You hit the adder. Your bite misses the adder.
The adder is severely wounded.
You die...

############
..........#
####.......
.........#
#......@.#
##....S..#
###....##
..(...#
######.. ###


You could see an adder.

Vanquished Creatures
  Ijyb (D:2)
  An adder (D:2)
  An orc (D:3)
  A bat (D:1)
  A hobgoblin (D:3)
  4 jackals
  A quokka (D:2)
  A giant newt (D:1)
  A goblin (D:1)
  A kobold (D:1)
  2 rats (D:1)
15 creatures vanquished.

Notes
Turn   | Place    | Note
--------------------------------------------------------------
     0 | D:1      | 4thArraOfDagon the Vine Stalker Assassin began the quest for the Orb.
     0 | D:1      | Reached XP level 1. HP: 11/11 MP: 2/2
    66 | D:1      | Reached skill level 1 in Unarmed Combat
    99 | D:2      | Reached XP level 2. HP: 15/15 MP: 3/3
   143 | D:2      | Noticed Ijyb
   158 | D:2      | Killed Ijyb
   158 | D:2      | Reached XP level 3. HP: 15/18 MP: 4/4
   254 | D:3      | Noticed a centaur
   268 | D:4      | Succumbed to an adder's poison

Vault maps used:
D:1:      dpeg_arrival_pond, nemelex_xobeh_ov_fountains_minmay
D:2:      kennysheep_generic_room_14, uniq_crazy_yiuf_cottage, uniq_iyjb
D:3:      first_bread, hangedman_decor_diamond_cutter,
          grunt_ashenzari_visionary, uniq_terence
D:4:      uniq_eustachio

Action                   || total
-------------------------++-------
Melee: Dagger            ||    34
 Fire: Blowgun           ||    11
 Stab: Sleeping          ||     3
       Distracted        ||     2
